Match 28621221
Unlisted

Match 28621221
End
Construct Section Command Post
Infantry Section
Infantry Section
Infantry Section
Grenade Package
Vickers Machine Gun Team
Construct Platoon Command Post
Infantry Training
6-pounder Anti-tank Gun Team
6-pounder Anti-tank Gun Team
Selects Heavy Armor Battlegroup
Selects Light Vehicle Withdraw and Refit
Selects Radio Net
Construct Company Command Post
Selects Recon Artillery
Foot Guards Section
CAuMOH
sniper shot reduces your mom lif
HulkSMASH
Ruby
0
0

Comments sign in to comment!

No comments posted yet!